 Dungeon Crawl Stone Soup version 0.19-a0-628-g9200b3b (webtiles) character file.

612 georgeearnest the Covered (level 7, -5/60 HPs)
             Began as a Hill Orc Fighter on June 13, 2016.
             Slain by an ogre
             ... wielding a +0 giant spiked club
              (13 damage)
             ... on level 5 of the Dungeon.
             The game lasted 00:05:06 (3064 turns).

georgeearnest the Covered (Hill Orc Fighter)        Turns: 3064, Time: 00:05:07

Health: -5/60      AC:  8    Str: 21    XL:     7   Next: 44%
Magic:  7/7        EV:  9    Int:  8    God:
Gold:   130        SH: 10    Dex: 10    Spells: 0 memorised, 6 levels left

rFire  . . .     SeeInvis .     a - +0 war axe
rCold  . . .     Gourm    .     v - +0 scale mail (curse)
rNeg   . . .     Faith    .     c - +0 shield
rPois  .         Spirit   .     n - +0 helmet
rElec  .         Dismiss  .     (no cloak)
rCorr  +         Reflect  .     (no gloves)
SustAt .         Harm     .     (no boots)
MR     .....                    (no amulet)
Stlth  ..........               (no ring)
                                j - ring of resist corrosion

@: not resistant to hostile enchantments, extremely unstealthy
A: no striking features
a: no special abilities


You were on level 5 of the Dungeon.
You were not hungry.

You visited 1 branch of the dungeon, and saw 5 of its levels.

You collected 130 gold pieces.

Inventory:

Hand Weapons
 a - a +0 war axe (weapon)
Armour
 b - a +0 scale mail
 c - a +0 shield (worn)
 n - a +0 helmet (worn)
 v - a cursed +0 scale mail (worn)
Jewellery
 j - a ring of resist corrosion (left hand)
Wands
 r - a wand of polymorph (11/24)
Scrolls
 e - 2 scrolls of remove curse {unknown}
 f - a scroll of teleportation {unknown}
 h - 2 scrolls of amnesia {unknown}
 k - 5 scrolls of identify {unknown}
 m - 3 scrolls of magic mapping {unknown}
 o - a scroll of enchant armour {unknown}
 s - 2 scrolls of fear {unknown}
 t - a scroll of random uselessness {unknown}
 w - a scroll of recharging {unknown}
Potions
 d - 2 potions of might
 g - a potion of agility {unknown}
 l - a potion of lignification {unknown}
 u - a potion of flight {unknown}
 x - a potion of cancellation {unknown}
Comestibles
 i - 2 slices of pizza
 p - a meat ration
 q - a beef jerky


   Skills:
 + Level 4.7 Fighting
 + Level 4.9 Axes
 + Level 5.5 Armour
 + Level 2.6 Dodging
 + Level 5.2 Shields


You had 6 spell levels left.
You didn't know any spells.

Dungeon Overview and Level Annotations

Branches:
Dungeon (5/15)
 Temple: D:4-7

Altars:
Ashenzari
Elyvilon
Nemelex Xobeh
Okawaru
Vehumet


Message History

You barely miss the iguana. You closely miss the shadow imp.
You slash the centaur zombie!
The centaur zombie hits you but does no damage.
The iguana closely misses you. You block the shadow imp's attack.
The centaur zombie hits you.
The ogre hits you with a giant spiked club!!
* * * LOW HITPOINT WARNING * * *
You slash the ogre!
The ogre is severely wounded.
You slash the centaur zombie! You slash the shadow imp!
The shadow imp is severely wounded.
Your shield prevents you from hitting the iguana.
The iguana bites you but does no damage.
The shadow imp barely misses you.
The centaur zombie hits you but does no damage.
The shadow imp hits you.
* * * LOW HITPOINT WARNING * * *
The iguana barely misses you.
The ogre hits you with a giant spiked club!
You die...

#........... ...
#...†....# ....
#........# #....
#........###...##
#########........#≈≈...≈≈
..†..............#≈..♣..≈
#################:.......
# ........5.♣._r♣. ###
...$..l@Z....... ..#
......†O#≈..♣..≈ ..#
........#≈≈.$.≈ ..#
........###...# ..#
......... ..... ..#
......... .###+ ..#
########. ..# .. ..#


You could see an ogre, an iguana, a shadow imp, a centaur zombie and a neutral
quokka (wandering).

Vanquished Creatures
  Menkaure (D:4)
  An ogre (D:4)
  A big kobold (D:4)
  A howler monkey (D:5)
  An orc priest (D:4)
  2 orc wizards (D:4)
  2 worker ants (D:4)
  7 adders
  An ooze (D:2)
  4 worms
  A dart slug (D:4)
  6 giant geckos
  5 orcs
  A giant cockroach (D:2)
  5 goblins
  12 hobgoblins
  4 jackals (D:1)
  A quokka (D:4)
  A ball python skeleton (D:5)
  8 bats
  2 giant newts
  10 kobolds
  5 rats
82 creatures vanquished.

Notes
Turn   | Place    | Note
--------------------------------------------------------------
     0 | D:1      | georgeearnest the Hill Orc Fighter began the quest for the Orb.
     0 | D:1      | Reached XP level 1. HP: 19/19 MP: 1/1
    97 | D:1      | Reached XP level 2. HP: 24/27 MP: 2/2
   355 | D:2      | Reached XP level 3. HP: 33/33 MP: 3/3
   491 | D:2      | Found a shattered altar of Ashenzari.
   549 | D:2      | Found an iron altar of Okawaru.
   689 | D:2      | Reached skill level 1 in Dodging
   689 | D:2      | Reached XP level 4. HP: 22/40 MP: 4/4
  1591 | D:3      | Found a faded altar of an unknown god.
  1624 | D:3      | Found a sparkling altar of Nemelex Xobeh.
  1779 | D:3      | Reached XP level 5. HP: 46/46 MP: 5/5
  1913 | D:4      | Noticed Menkaure
  1923 | D:4      | Killed Menkaure
  1923 | D:4      | Reached XP level 6. HP: 15/52 MP: 6/6
  2201 | D:4      | Reached skill level 5 in Shields
  2245 | D:4      | Reached skill level 5 in Armour
  2449 | D:4      | Reached XP level 7. HP: 43/60 MP: 7/7
  2872 | D:4      | Found a radiant altar of Vehumet.
  2991 | D:5      | Entered Level 5 of the Dungeon
  3054 | D:5      | Found a white marble altar of Elyvilon.
  3064 | D:5      | Slain by an ogre

Vault maps used:
D:1:      minmay_arrival_four_houses
D:2:      nicolae_ashenzari_panopticon, kennysheep_okawaru_gauntlet
D:3:      nicolae_overflow_hidden_temple, ecumenical_altar_1
D:4:      lemuel_coloured_pillars_altar, serial_bayou_lagoon_a, uniq_menkaure
D:5:      elyvilon_altar_4, gammafunk_temple_overflow_pools, first_bread,
          basic_altar

Skill      XL: |  1  2  3  4  5  6 |
---------------+-------------------+-----
Armour         | 4 5 |  5.5
Axes           | 3 4 |  4.9
Dodging        | 1 2 |  2.6
Shields        | 4 5 |  5.2
Fighting       | 4 |  4.7

Action                   |  1- 3 |  4- 6 |  7- 9 || total
-------------------------+-------+-------+-------++-------
Melee: War axe           |   108 |   145 |    63 ||   316
  Eat: Bread ration      |       |     2 |       ||     2
Armor: Scale mail        |    80 |    71 |    23 ||   174
Dodge: Dodged            |    49 |    43 |    28 ||   120
Block: Shield            |    77 |    78 |    37 ||   192
